 Dungeon Crawl Stone Soup version 0.26-a0-690-gcb57259078 (webtiles) character file.

Game seed: 10465369354061496518

17 somkeydreadnuts the Stinger (level 2, 0/17 HPs)
             Began as an Octopode Venom Mage on Oct 25, 2020.
             Slain by a jackal (1 damage)
             ... on level 1 of the Dungeon.
             The game lasted 00:01:39 (466 turns).

somkeydreadnuts the Stinger (Octopode Venom Mage)    Turns: 466, Time: 00:01:40

Health: 0/17       AC:  1    Str:  7    XL:     2   Next: 62%
Magic:  0/5        EV: 13    Int: 17    God:
Gold:   0          SH:  0    Dex: 12    Spells: 4/5 levels left

rFire    . . .     SeeInvis .   b - +0 dagger (holy)
rCold    . . .     Faith    .   (no shield)
rNeg     . . .     Spirit   .   (helmet restricted)
rPois    .         Reflect  .   (no amulet)
rElec    .         Harm     .   (no ring)
rCorr    .         Rampage  .   (no ring)
MR       .....                  (no ring)
Stlth    +++.......             (no ring)
HPRegen  0.05/turn              (no ring)
MPRegen  0.09/turn              (no ring)
                                (no ring)
                                (no ring)

@: no status effects
A: almost no armour, stealthy swim, amphibious, 8 rings, constrict 8, camouflage
1, gelatinous body 1
a: no special abilities


You were on level 1 of the Dungeon.
You visited 1 branch of the dungeon, and saw 1 of its levels.

Inventory:

Hand Weapons
 b - a +0 dagger of holy wrath (weapon)
Potions
 a - a potion of brilliance {unknown}


   Skills:
 - Level 2.0 Dodging
 - Level 2.7 Stealth
 - Level 2.1 Spellcasting
 - Level 1.0 Transmutations
 + Level 4.5 Poison Magic


You had 4 spell levels left.
You knew the following spells:

 Your Spells              Type           Power        Failure   Level
a - Sting                 Tmut/Pois      ##..         6%          1

Your spell library contained the following spells:

 Spells                   Type           Power        Failure   Level
 Poisonous Vapours        Pois/Air       #.....       12%         2
 Ignite Poison            Fire/Tmut/Pois #.......     26%         3
 Olgreb's Toxic Radiance  Pois           ###.....     28%         4
 Mephitic Cloud           Conj/Pois/Air  #.......     30%         3


Dungeon Overview and Level Annotations

Branches:
Dungeon (1/15)

Altars:


Innate Abilities, Weirdness & Mutations

You cannot wear most types of armour.
You are very stealthy in the water. (Stealth+)
You are amphibious.
You can wear up to eight rings at the same time.
You can use your tentacles to constrict eight enemies at once.
Your skin changes colour to match your surroundings (Stealth+).
Your rubbery body absorbs attacks. (AC +1, EV +1)


Message History

The jackal barks!
You hear a bark!
Things that are here:
a frilled lizard corpse; a leopard gecko corpse A bat comes into view.
The bat moves out of view.
You closely miss the jackal. You grab the jackal. You constrict the jackal.
The jackal barely misses you. The jackal bites you.
* * * LOW HITPOINT WARNING * * *
A jackal comes into view.
The bat barely misses you.
Casting: Sting (safe; 6% risk of failure)
Confirm with . or Enter, or press ? or * to list all spells.
Aiming: Sting (safe; 6% risk of failure)
Press: ? - help, Shift-Dir - straight line, f - jackal
Aim: a jackal (moderately wounded, constricted by you)
The sting hits the jackal but does no damage.
The jackal is poisoned.
The jackal is moderately wounded.
You constrict the jackal. The bat closely misses you. The jackal bites you.
You die...

....#.# ....
#...#.# ...)
#h..#r# ...###
.....# .....
#...###...#
#...b.....#
#.##$........###
#....h@.(.......
#######†#.#.#.+.
###)#...#
#.....#...
#.#.#.#.###
#...#.#+#####
#...#.......#
#...#.......#
#...........#


You could see 2 jackals, a bat and a rat.

Vanquished Creatures
  2 dart slugs (D:1)
  2 leopard geckos (D:1)
  2 bats (D:1)
  A hobgoblin (D:1)
  2 kobolds (D:1)
  3 frilled lizards (D:1)
12 creatures vanquished.

Notes
Turn   | Place    | Note
-------+----------+-------------------------------------------
     0 | D:1      | somkeydreadnuts the Octopode Venom Mage began the quest for
                  | the Orb.
     0 | D:1      | Reached XP level 1. HP: 11/11 MP: 3/3
   103 | D:1      | Reached skill level 4 in Poison Magic
   213 | D:1      | Reached XP level 2. HP: 17/17 MP: 3/5
   466 | D:1      | Slain by a jackal

Illustrated notes

Levels and vault maps discovered:
D:1:      psy_arrival_fountain, layout_basic, minmay_pentomino_v4

Skill      XL: |  1 |
---------------+----+-----
Poison Magic   | 4 |  4.5
Dodging        | |  2.0
Stealth        | |  2.7
Spellcasting   | |  2.1
Transmutations | |  1.0

Action                   || total
-------------------------++-------
Melee: Constrict         ||     5
       Unarmed           ||     2
       Dagger            ||    13
       Tentacles         ||     1
 Cast: Sting             ||    16
Armor: Skin              ||     5
Dodge: Dodged            ||    15

Table legend: (Time is in decaauts)
 A = Elapsed time spent in this place.
 B = Non-inter-level travel time spent in this place.
 C = Inter-level travel time spent in this place.
 D = Time resting spent in this place.
 E = Time spent auto-exploring this place.
 F = Levels seen in this place.
 G = Mean time per level.
                   A        B        C        D        E       F      G
               +--------+--------+--------+--------+--------+-----+--------+
         Total |    465 |    465 |      0 |      0 |    374 |   1 |  465.0 |
       Dungeon |    465 |    465 |      0 |      0 |    374 |   1 |  465.0 |
               +--------+--------+--------+--------+--------+-----+--------+

Top non-repeatable levels by time:
     D:1: 465 daAuts
